 Dungeon Crawl Stone Soup version 0.29.1-13-g9f3cf754e1 (webtiles) character file.

Game seed: 18376326982406732343

49 Thatpatchoflichen the Chopper (level 3, 0/33 HPs)
             Began as a Hill Orc Monk on Jan 26, 2023.
             Slain by a water moccasin (6 damage)
             ... in a sewer.
             The game lasted 00:04:07 (1609 turns).

Thatpatchoflichen the Chopper (Hill Orc Monk)       Turns: 1609, Time: 00:04:07

Health: 0/33       AC:  8    Str: 15    XL:     3   Next: 77%
Magic:  3/3        EV:  7    Int: 10    God:
Gold:   61         SH:  0    Dex: 13    Spells: 2/2 levels left

rFire   . . .      SeeInvis .   a - +0 hand axe
rCold   . . .      Faith    .   (no shield)
rNeg    . . .      Spirit   .   k - +0 chain mail
rPois   .          Reflect  .   (no helmet)
rElec   .          Harm     .   (no cloak)
rCorr   .          Rampage  .   (no gloves)
Will    .....                   (no boots)
Stlth   ..........              (no amulet)
HPRegen 0.11/turn               (no ring)
MPRegen 0.08/turn               (no ring)

@: lethally poisoned (0 -> -16)
A: no striking features
a: no special abilities


You were in a sewer.
You visited 1 branch of the dungeon, and saw 3 of its levels.
You also visited: Sewer.

You collected 61 gold pieces.

Inventory:

Hand Weapons
 a - a +0 hand axe (weapon)
Missiles
 d - 2 javelins (quivered)
 f - 5 poisoned darts
 i - 3 boomerangs
Armour
 b - a +0 robe
 e - a +0 ring mail
 k - a +0 chain mail (worn)
Scrolls
 g - a scroll of enchant armour {unknown}
 l - a scroll of fear {unknown}
 m - a scroll of enchant weapon {unknown}
 n - a scroll of blinking {unknown}
Potions
 c - a potion of ambrosia
 h - 2 potions of attraction {unknown}
 j - 2 potions of degeneration {unknown}


   Skills:
 + Level 4.2 Fighting
 + Level 4.6 Axes
 * Level 2.4 Armour
 - Level 2.4 Dodging
 - Level 1.5 Stealth


You had 2 spell levels left.
You didn't know any spells.
Your spell library contained the following spells:

 Spells                   Type           Power      Damage    Failure   Level
 Conjure Flame            Conj/Fire      0%         6-21      100%        3
 Ignite Poison            Fire/Tmut/Pois 0%         N/A       100%        3
 Sticky Flame             Conj/Fire      0%         2d3       100%        4


Dungeon Overview and Level Annotations

Branches:
Dungeon (3/15)              Sewer (1/1)

Altars:


Message History

The water moccasin closely misses you.
You see here a potion of haste.
You barely miss the water moccasin.
The water moccasin bites you but does no damage.
You miss the water moccasin. The water moccasin bites you!
The water moccasin bites you but does no damage.
You hit the water moccasin.
The water moccasin is lightly wounded.
The water moccasin bites you.
You are poisoned.
The water moccasin poisons you!
You barely miss the water moccasin.
The water moccasin is lightly wounded.
You feel very sick.
The water moccasin bites you but does no damage. x2
You closely miss the water moccasin.
The water moccasin is lightly wounded.
You feel sick. The water moccasin bites you.
You barely miss the water moccasin. Your punch misses the water moccasin.
The water moccasin is lightly wounded.
You feel sick.
The water moccasin bites you but does no damage.
The water moccasin bites you.
You hit the water moccasin but do no damage.
The water moccasin is lightly wounded.
You feel sick. The water moccasin barely misses you.
You hit the water moccasin but do no damage.
You punch the water moccasin.
The water moccasin is moderately wounded.
You feel sick.
The water moccasin completely misses you.
The water moccasin bites you.
You are lethally poisoned!
The water moccasin poisons you!
You barely miss the water moccasin.
The water moccasin is moderately wounded.
* * * LOW HITPOINT WARNING * * *
You feel very sick. The water moccasin bites you.
You die...

##...## ##.## #†#
#.# ### #.# ....
#.# ..... #.#
$.....####.#######
!.....S@.........∩
$.....############
..... .... ###


You could see a water moccasin.

Vanquished Creatures
  3 dart slugs (D:1)
  3 endoplasms (D:1)
  10 giant cockroaches
  4 goblins
  3 kobolds (D:1)
  2 quokkas
  A ball python (D:1)
  7 bats
  3 frilled lizards (D:1)
  2 rats (D:1)
38 creatures vanquished.

Notes
Turn   | Place    | Note
-------+----------+-------------------------------------------
     0 | D:1      | Thatpatchoflichen the Hill Orc Monk began the quest for the
                  | Orb.
     0 | D:1      | Reached XP level 1. HP: 19/19 MP: 1/1
   230 | D:1      | Reached skill level 1 in Armour
   231 | D:1      | Reached XP level 2. HP: 11/27 MP: 2/2
   669 | D:1      | Reached XP level 3. HP: 27/33 MP: 3/3
  1324 | D:3      | Found a glowing drain.
  1353 | Sewer    | Entered a sewer
  1598 | Sewer    | Noticed a water moccasin
  1609 | Sewer    | Slain by a water moccasin

Illustrated notes

Levels and vault maps discovered:
D:1:      tarquinn_simple_flora_water_b, layout_loops_ring
D:2:      layout_loops_ring, ebering_ecumenical_altar_abandoned
D:3:      layout_loops_ring, portal_sewer_entry_f, minmay_crystal_room
Sewer:    sewer_big_baddie

Skill      XL: |  1  2  3 |
---------------+----------+-----
Armour         | 1 2 |  2.4
Fighting       | 4 |  4.2
Axes           | |  4.6
Dodging        | |  2.4
Stealth        | |  1.5

Action                   || total
-------------------------++-------
Melee: Hand axe          ||   160
       Punch             ||     2
Armor: Robe              ||    12
       Ring mail         ||    57
       Chain mail        ||    98
Dodge: Dodged            ||   144
